 Dungeon Crawl Stone Soup version 0.18-a0-1721-gc4d1f22 (webtiles) character file.

180 wvc the Chopper (level 5, -1/49 HPs)
             Began as a Naga Monk on Apr 9, 2016.
             Slain by pedritolo's ghost (11 damage)
             ... on level 3 of the Dungeon.
             The game lasted 00:03:31 (2864 turns).

wvc the Chopper (Naga Monk)                         Turns: 2864, Time: 00:03:31

Health: -1/49      AC:  2    Str: 13    XL:     5   Next: 60%
Magic:  14/14      EV: 10    Int: 12    God:
Gold:   60         SH:  0    Dex: 13    Spells: 0 memorised, 4 levels left

rFire  . . .     SeeInvis +     q - +2 hand axe (elec)
rCold  . . .     Gourm    .     a - +0 robe
rNeg   . . .     Faith    .     (no shield)
rPois  +         Spirit   .     (no helmet)
rElec  .         Dismiss  .     (no cloak)
rCorr  .         Reflect  .     (no gloves)
SustAt .         Harm     .     (no barding)
MR     .....                    (no amulet)
Stlth  +.........               (no ring)
                                e - ring of magical power

@: glowing, very slow, not resistant to hostile enchantments, very unstealthy
A: see invisible, deformed body, poison resistance, slowness 2, slow metabolism
1, spit poison 2, AC +1
a: Spit Poison


You were on level 3 of the Dungeon.
You were not hungry.

You visited 1 branch of the dungeon, and saw 3 of its levels.

You collected 60 gold pieces.

Inventory:

Hand Weapons
 q - a +2 hand axe of electrocution (weapon)
Armour
 a - a +0 robe (worn)
Jewellery
 e - a ring of magical power (left hand)
Scrolls
 c - 2 scrolls of teleportation {unknown}
 d - 5 scrolls of identify {unknown}
 g - a scroll of random uselessness {unknown}
 i - a scroll of amnesia {unknown}
 j - a scroll of immolation {unknown}
 k - 2 scrolls of noise {unknown}
 n - a scroll of remove curse {unknown}
 r - a scroll of recharging {unknown}
 s - 2 scrolls of enchant armour {unknown}
 v - a scroll of magic mapping {unknown}
Potions
 f - 2 potions of heal wounds {unknown}
 h - 2 potions of flight {unknown}
 l - 2 potions of curing {unknown}
 m - a potion of cancellation {unknown}
 o - a potion of lignification {unknown}
 p - a potion of ambrosia {unknown}
Comestibles
 b - 6 bread rations
 t - a meat ration
 u - 3 chunks of flesh


   Skills:
 - Level 3.0 Fighting
 + Level 5.1 Axes
 - Level 2.4 Dodging
 - Level 3.0 Stealth
 - Level 4.0 Unarmed Combat


You had 4 spell levels left.
You didn't know any spells.

Dungeon Overview and Level Annotations

Branches:
Dungeon (3/15)

Altars:

Annotations:
D:3 pedritolo's ghost, amateur OgAM


Innate Abilities, Weirdness & Mutations

You cannot wear boots.
Your serpentine skin is tough (AC +1).
You have supernaturally acute eyesight.
Armour fits poorly on your strangely shaped body.
Your system is resistant to poisons.
You cover ground very slowly.
You have a slow metabolism.
You can spit poison.


Message History

Pedritolo's ghost shouts, "You will never get the ORB!"
Pedritolo's ghost hits you.
You hit pedritolo's ghost.
Pedritolo's ghost is almost destroyed.
Pedritolo's ghost hits you.
You closely miss pedritolo's ghost.
Pedritolo's ghost is almost destroyed.
Pedritolo's ghost hits you.
You closely miss pedritolo's ghost.
Pedritolo's ghost is almost destroyed.
Pedritolo's ghost hits you.
* * * LOW HITPOINT WARNING * * *
You are too injured to fight recklessly!
You are too injured to fight recklessly!
You are too injured to fight recklessly!
You are too injured to fight recklessly!
You hit pedritolo's ghost.
Pedritolo's ghost is almost destroyed.
Pedritolo's ghost hits you!
You die...

#........# #.##..#
#.###.##.# #.##..#
#.##...#.# #.....#
#.#.#.#..# ####'##
#.##...#.# ...
#.###.##.# .... #
#........# .....
########.##...#.##g.....
................@Wo.....
#.######.##...#.##g.....
#.# #.##..##.# ..... #.#
#.##.###†# .... #.####
#.##.# #†# ... .....#
#.##.###.# '# #.##.#
#........# # ).##.#
####.##### .....#
#........


You could see pedritolo's ghost, an orc and 2 hobgoblins.

Vanquished Creatures
  An ogre (D:3)
  5 adders
  A worm (D:2)
  3 dart slugs
  A giant gecko (D:2)
  3 giant cockroaches
  6 goblins
  2 hobgoblins
  8 jackals
  A bat (D:3)
  2 giant newts
  A kobold (D:2)
  6 rats
40 creatures vanquished.

Notes
Turn   | Place    | Note
--------------------------------------------------------------
     0 | D:1      | wvc the Naga Monk began the quest for the Orb.
     0 | D:1      | Reached XP level 1. HP: 21/21 MP: 1/1
   192 | D:1      | Reached skill level 1 in Axes
   502 | D:1      | Reached XP level 2. HP: 28/28 MP: 2/2
   890 | D:1      | Reached skill level 2 in Axes
  1177 | D:2      | Reached XP level 3. HP: 31/34 MP: 3/3
  1950 | D:2      | Reached skill level 3 in Axes
  2306 | D:3      | Noticed an ogre
  2313 | D:3      | Killed an ogre
  2313 | D:3      | Reached skill level 4 in Axes
  2313 | D:3      | Reached XP level 4. HP: 11/42 MP: 4/4
  2313 | D:3      | Reached XP level 5. HP: 13/49 MP: 5/5
  2699 | D:3      | Reached skill level 5 in Axes
  2840 | D:3      | Noticed pedritolo's ghost (amateur OgAM)
  2864 | D:3      | Slain by pedritolo's ghost

Vault maps used:
D:1:      lightli_arrival_chessboard
D:3:      fedhas_altar_1, first_bread, kennysheep_generic_room_5

Skill      XL: |  1  2  3  4  5 |
---------------+----------------+-----
Axes           | 1 2 4 5 |  5.1
Fighting       | |  3.0
Dodging        | |  2.4
Stealth        | |  3.0
Unarmed Combat | |  4.0

Action                   |  1- 3 |  4- 6 || total
-------------------------+-------+-------++-------
Melee: Unarmed           |    56 |       ||    56
       Hand axe          |    17 |    42 ||    59
 Abil: Spit Poison       |     3 |       ||     3
 Stab: Sleeping          |     5 |     2 ||     7
       Distracted        |       |     1 ||     1
  Eat: Chunk             |     2 |     1 ||     3
       Beef jerky        |     1 |       ||     1
